cohdb
Replays
Latest Replays
All Replays
Popular Replays
Top Player Replays
Match Explorer
How It Works
Community
CoH3 Stats
Reddit
Sign in to upload your games and track your stats! →
Sign in with Steam
Match 41534970
Unlisted
Match 41534970
Overview
Messages
Build Orders
End
Construct Infanterie Kompanie
Kettenkrad Recon Vehicle
Grenadier Squad
MG 42 Machine Gun Team
Grenadier Squad
GrW 34 Mortar Team
Infanterie Officer Quarters
Construct Panzergrenadier Kompanie
Pak 40 Anti-tank Gun Team
Grenadier Squad
Selects Mechanized Battlegroup
MG 42 Machine Gun Team
Selects Raid Package
Pak 40 Anti-tank Gun Team
Selects StuG Assault Group
StuG Assault Group
Panzergrenadier Officer Quarters
Support Elements
StuG III G Assault Gun
Nebelwerfer 42 Rocket Launcher Team
Selects UNKNOWN (2160084)
Selects Spotting Scopes
Selects Wespe Self-propelled Artillery
Selects Spotting Scopes
Selects Wespe Self-propelled Artillery
StuG Assault Group
StuG III G Assault Gun
StuG III G Assault Gun
StuG III G Assault Gun
KevinTDW
iceday
Herald of Tzeench
PresidentBeluga
0
0
Comments
sign in to comment!
No comments posted yet!